 Dungeon Crawl Stone Soup version 0.18-a0-1774-gce1f7b6 (webtiles) character file.

174 namelastname112 the Caller (level 5, -1/46 HPs)
             Began as a Draconian Summoner on Apr 15, 2016.
             Slain by an orc
             ... wielding a +0 dagger of venom
              (3 damage)
             ... on level 3 of the Dungeon.
             The game lasted 00:03:29 (1655 turns).

namelastname112 the Caller (Draconian Summoner)     Turns: 1655, Time: 00:03:30

Health: -1/46      AC:  5    Str: 11    XL:     5   Next: 28%
Magic:  8/8        EV: 19    Int: 16    God:
Gold:   136        SH:  0    Dex: 16    Spells: 3 memorised, 2 levels left

rFire  . . .     SeeInvis .     d - +0 short sword
rCold  . . .     Gourm    .     (armour unavailable)
rNeg   . . .     Faith    .     (no shield)
rPois  .         Spirit   .     (helmet restricted)
rElec  .         Dismiss  .     (no cloak)
rCorr  .         Reflect  .     (no gloves)
SustAt .         Harm     .     (no boots)
MR     .....                    (no amulet)
Stlth  +++.......               (no ring)
                                (no ring)

@: agile, lethally poisoned (-1 -> -12), not resistant to hostile enchantments,
fairly stealthy
A: unfitting armour, cold-blooded, AC +5
a: no special abilities


You were on level 3 of the Dungeon.
You were not hungry.

You visited 1 branch of the dungeon, and saw 3 of its levels.

You collected 136 gold pieces.

Inventory:

Hand Weapons
 d - a +0 short sword (weapon)
Scrolls
 e - a scroll of enchant armour {unknown}
 f - a scroll of identify {unknown}
 j - 2 scrolls of enchant weapon {unknown}
Potions
 i - a potion of cancellation {unknown}
 k - a potion of brilliance {unknown}
 m - a potion of degeneration {unknown}
Books
 a - a book of Callings

   Spells                             Type                      Level
   a - Summon Small Mammal            Summoning                    1
   b - Call Imp                       Summoning                    2
   c - Call Canine Familiar           Summoning                    3
   d - Summon Guardian Golem          Hexes/Summoning              3
   e - Summon Lightning Spire         Summoning/Air                4
   f - Summon Ice Beast               Ice/Summoning                4
Comestibles
 b - 2 bread rations
 c - a slice of pizza
 h - a beef jerky
 l - a chunk of flesh


   Skills:
 + Level 3.7 Fighting
 + Level 3.8 Dodging
 - Level 1.7 Stealth
 - Level 2.0 Spellcasting
 - Level 4.0 Summonings


You had 2 spell levels left.
You knew the following spells:

 Your Spells              Type           Power        Failure   Level  Hunger
a - Summon Small Mammal   Summ           ##..         4%          1    #......
c - Call Canine Familiar  Summ           ##......     12%         3    ###....
z - Call Imp              Summ           ##......     8%          2    ###....


Dungeon Overview and Level Annotations

Branches:
Dungeon (3/15)

Altars:


Innate Abilities, Weirdness & Mutations

Your plain brown scales are hard (AC +5).
Your body does not fit into most forms of armour.
You are cold-blooded and may be slowed by cold attacks.


Message History

The orc hits you with a mace of protection!
* * * LOW HITPOINT WARNING * * *
The orc hits you but does no damage.
You are lethally poisoned!
You are too injured to fight recklessly!
There is a lethal amount of poison in your body!
You take 11 damage, and have 7/46 hp.
MASSIVE DAMAGE!!
There is a lethal amount of poison in your body!
* * * LOW HITPOINT WARNING * * *
You feel sick.
The orc hits you with a dagger of venom.
* * * LOW HITPOINT WARNING * * *
You take 4 damage, and have 3/46 hp.
Drink which item? (? for menu, Esc to quit)
It was a potion of agility.
You feel agile all of a sudden.
* * * LOW HITPOINT WARNING * * *
You feel sick. The orc barely misses you.
The orc hits you with a dagger of venom.
You die...

.# #.......# .# #.......#
## .# #.......# ..#
.######.......### ..#
.##...#.........# ...##.
.#.....###+####'###......
.#.....### #.....#....#.
.#.#.....# #.....ool....
.#.#.##..#. #...@o[....#.
...........##....o.......
.........####....).###...
.......### #......# [.
.....#.# ######.. .
##...#.# ### ##.###.#
...# .# ####


You could see an orc wizard, 3 orcs and a giant newt.

Vanquished Creatures
  Jessica (D:2)
  2 adders
  2 dart slugs (D:1)
  2 worms
  5 bats
  2 giant cockroaches
  9 goblins
  4 hobgoblins
  A kobold (D:2)
  3 ball pythons
  2 giant newts
  2 rats
35 creatures vanquished.

Vanquished Creatures (collateral kills)
  Sigmund (D:1)
  Robin (D:2)
  A giant gecko (D:3)
  A bat (D:2)
  6 goblins
  3 hobgoblins (D:2)
  A kobold (D:1)
  3 rats
17 creatures vanquished.

Grand Total: 52 creatures vanquished

Notes
Turn   | Place    | Note
--------------------------------------------------------------
     0 | D:1      | namelastname112 the Draconian Summoner began the quest for the Orb.
     0 | D:1      | Reached XP level 1. HP: 14/14 MP: 3/3
    39 | D:1      | Reached skill level 1 in Fighting
   150 | D:1      | epen: ??namelastname112
   151 | D:1      | beem: namelastname112[1/1]: what is this krkaen head with exec axe doing
   176 | D:1      | epen: ??epen
   178 | D:1      | beem: epen ~ spen ~ hyperbolic[1/4]: My 0.16 SpEn guide: SKILLS: Approximate goals are as follows: 1) 5 Short Blades, 8 Stealth. 2) 4 Spellcasting, 8 Hexes. 3) 3 Fighting, 8 Dodging. 4) 8 Short Blades, 12 Stealth. 5) 6 Fighting/Spellcasting, 10 Short Blades/Hexes, 15 Dodging/Stealth. 6) 10 Fighting, 27 Stealth, and whatever spell skills you want.
   505 | D:1      | Reached XP level 2. HP: 21/23 MP: 5/5
   509 | D:1      | Learned a level 2 spell: Call Imp
   579 | D:1      | epen: ??epen 2]
   606 | D:1      | beem: I don't have a page labeled epen_2 in my learndb.
   806 | D:1      | epen: а
   869 | D:1      | epen: он не знает
   884 | D:2      | Noticed Sigmund
   988 | D:1      | Killed Sigmund
   988 | D:1      | Reached XP level 3. HP: 22/31 MP: 2/6
   988 | D:1      | Reached XP level 4. HP: 27/38 MP: 2/7
  1090 | D:2      | namelastname112: белые импы
  1090 | D:2      | namelastname112: просто умнички
  1094 | D:2      | Learned a level 3 spell: Call Canine Familiar
  1261 | D:2      | Noticed Jessica
  1265 | D:2      | Noticed Robin
  1278 | D:2      | Killed Robin
  1337 | D:2      | Killed Jessica
  1337 | D:2      | Reached XP level 5. HP: 37/45 MP: 3/8
  1358 | D:2      | Found a faded altar to an unknown god.
  1654 | D:3      | epen: бля
  1655 | D:3      | HP: 2/46 [poisoned by an orc]
  1655 | D:3      | Slain by an orc

Vault maps used:
D:1:      dpeg_arrival_rooms_b
D:2:      ecumenical_altar_2, uniq_jessica, uniq_robin, uniq_sigmund
D:3:      nicolae_overflow_crystal_walls, tgw_trog

Skill      XL: |  1  2 |
---------------+-------+-----
Fighting       | 1 3 |  3.7
Dodging        | 2 3 |  3.8
Stealth        | |  1.7
Spellcasting   | |  2.0
Summonings     | |  4.0

Action                   |  1- 3 |  4- 6 || total
-------------------------+-------+-------++-------
Melee: Short sword       |    55 |   117 ||   172
       Unarmed           |     2 |       ||     2
       Tailslap          |     5 |     8 ||    13
 Cast: Summon Small Mamm |     9 |     2 ||    11
       Call Imp          |     4 |     5 ||     9
       Call Canine Famil |       |     2 ||     2
  Use: Potion            |     1 |     1 ||     2
 Stab: Sleeping          |     1 |     1 ||     2
  Eat: Chunk             |       |     4 ||     4
Armor: Skin              |    25 |    38 ||    63
Dodge: Dodged            |    54 |   104 ||   158
